[Event "FIDE World Cup G12-B 2024"]
[Site "Batumi"]
[Date "2024.06.26"]
[Round "4.1"]
[White "Gunawardhana, Devindya Oshini"]
[Black "Amanzhol, Khanzada"]
[Result "1-0"]
[ECO "B23"]
[WhiteElo "1980"]
[BlackElo "1685"]
[Annotator "NA RC"]
[PlyCount "111"]
[EventDate "2024.06.23"]
[EventType "swiss"]
[EventCountry "GEO"]
[SourceTitle "playchess.com"]
[Source "ChessBase"]
[SourceQuality "1"]
[TimeControl "5400+30"]

1. e4 c5 2. Nc3 Nc6 3. Bb5 g6 4. Bxc6 dxc6 5. d3 Bg7 6. Be3 b6 7. Qd2 e5 {[%emt 0:01:15] B23: Closed Sicilian: Lines without g3.} 8. Nge2 Nf6 {[%emt 0:02:03] has lost popularity (8...h6).} 9. Bh6 O-O 10. Bxg7 Kxg7 11. O-O-O Qe7 12. f3 $146 ({Predecessor:} 12. Ng3 Rd8 13. f4 exf4 14. Qxf4 Ng4 15. h3 Ne5 16. Rhe1 f6 17. Nf1 Be6 18. g4 {1-0 Alexieva,S (2261)-Docena,J (2061) Olympiad Women-40 2012 (6.3)}) 12... Rd8 13. Qe3 b5 14. g4 h5 (14... a5 $11 {deserves consideration.}) 15. h3 Rh8 16. Rdf1 a5 17. g5 Nh7 18. h4 Rf8 {[%emt 0:03:21] [#]} (18... a4 $1 $11) 19. f4 (19. a4 $1 $16) 19... Bd7 (19... exf4 $16 20. Nxf4 a4) 20. f5 Kh8 21. Ng3 a4 22. Qf3 $16 Rg8 23. Rhg1 Raf8 24. Nd1 f6 25. fxg6 Bg4 26. Nf5 Qd7 27. Qe3 Rxg6 28. Qxc5 Qe6 29. Nde3 fxg5 30. Nxg4 hxg4 31. h5 Rgf6 32. a3 Qe8 33. h6 Qe6 34. Re1 Qe8 35. Rxg4 Qe6 36. Rg3 Qe8 37. Rge3 g4 38. d4 exd4 39. Qxd4 Qe6 40. Kb1 Kg8 41. Rg1 Rg6 42. Reg3 Nf6 43. Ne3 Kh7 44. e5 Nd5 45. Nxg4 Rf4 46. Qa7+ Rf7 47. Qc5 Qf5 48. Nf6+ Rgxf6 49. exf6 Rxf6 50. Qa7+ Rf7 51. Rg7+ Kxh6 52. Qxf7 Qxf7 53. Rxf7 Ne3 54. Rf3 Nf5 55. Rh3+ Nh4 56. Rxh4# 1-0

[Event "FIDE World Cup G12-B 2024"]
[Site "Batumi"]
[Date "2024.06.26"]
[Round "4.2"]
[White "Pratitee Bordoloi"]
[Black "Abylaykyzy, Bibisara"]
[Result "1-0"]
[ECO "B90"]
[WhiteElo "1796"]
[BlackElo "1577"]
[Annotator "NA RC"]
[PlyCount "89"]
[EventDate "2024.06.23"]
[EventType "swiss"]
[EventCountry "GEO"]
[SourceTitle "playchess.com"]
[Source "ChessBase"]
[SourceQuality "1"]
[TimeControl "5400+30"]

1. e4 c5 2. Nf3 d6 3. d4 cxd4 4. Nxd4 Nf6 5. Nc3 a6 6. h3 e5 7. Nf3 Qc7 8. a4 h6 9. Be3 Be6 10. Be2 Nbd7 11. a5 Be7 12. O-O Qc6 13. Bd3 d5 14. exd5 Nxd5 15. Be4 Nxc3 16. Bxc6 Nxd1 17. Bxd7+ Bxd7 18. Rfxd1 e4 19. Nd2 Bc6 20. Nc4 Bf6 21. Bc5 Be7 22. Bb6 O-O 23. Ne5 Bd8 24. Nxc6 bxc6 25. Rd6 Rc8 26. Rad1 Bf6 27. c3 Bg5 28. Rd7 f5 29. Ra7 f4 30. Rdd7 Bf6 31. Bd4 g5 32. Bxf6 Rxf6 33. Re7 c5 34. Rxe4 Rg6 35. Ree7 Rgc6 36. Kf1 Kf8 37. Rh7 Kg8 38. Ke2 Rb8 39. Rhb7 Rxb7 40. Rxb7 Kf8 41. Rb6 Rc7 42. Rxh6 Ra7 43. Rc6 Rb7 44. Rb6 Ra7 45. Kf3 1-0

[Event "FIDE World Cup G12-B 2024"]
[Site "Batumi"]
[Date "2024.06.26"]
[Round "4.3"]
[White "Bakhshizada, Asnad"]
[Black "Sreekarthika Velmurugan"]
[Result "0-1"]
[ECO "A11"]
[WhiteElo "1748"]
[BlackElo "1838"]
[Annotator "NA RC"]
[PlyCount "84"]
[EventDate "2024.06.23"]
[EventType "swiss"]
[EventCountry "GEO"]
[SourceTitle "playchess.com"]
[Source "ChessBase"]
[SourceQuality "1"]
[TimeControl "5400+30"]

1. Nf3 d5 2. c4 c6 3. g3 Nf6 4. Bg2 dxc4 5. Qc2 b5 6. a4 Bb7 7. O-O e6 8. Nc3 a6 9. Rd1 Bc5 10. d4 cxd3 11. Rxd3 Qb6 12. e3 (12. Ng5 $11 {keeps the balance.}) 12... Nbd7 13. b3 O-O 14. Bb2 (14. Ne4 $15 {was preferrable.}) 14... Be7 15. Rdd1 (15. Ne4 $15 {is superior.}) 15... Rfd8 16. a5 Qc7 17. h4 c5 18. Rdc1 Rac8 $19 19. Re1 b4 20. Ne2 Be4 21. Qd1 Qb7 22. Nf4 Ne5 23. Nd2 Bxg2 24. Bxe5 Ne4 25. Qg4 Bf6 26. Nxe4 Bxe5 27. Nxg2 Bxa1 28. Rxa1 f5 29. Nf6+ Kh8 30. Qc4 gxf6 31. Qxe6 Qc6 32. Qxf5 Rd5 33. Qg4 Rcd8 34. Nf4 Rd2 35. Ne6 Rg8 36. Qh3 Re8 37. Nf4 Red8 38. Rf1 Rd1 39. Ne6 Rxf1+ 40. Kxf1 Rd1+ 41. Ke2 Qd7 42. Qg4 Rd6 0-1

[Event "FIDE World Cup G12-B 2024"]
[Site "Batumi"]
[Date "2024.06.26"]
[Round "4.4"]
[White "Pavithra R V"]
[Black "Bassari, Senem Gul"]
[Result "1-0"]
[ECO "A04"]
[WhiteElo "1614"]
[BlackElo "1768"]
[Annotator "NA RC"]
[PlyCount "114"]
[EventDate "2024.06.23"]
[EventType "swiss"]
[EventCountry "GEO"]
[SourceTitle "playchess.com"]
[Source "ChessBase"]
[SourceQuality "1"]
[TimeControl "5400+30"]

1. e4 c5 2. Nf3 d6 3. d3 Nc6 4. g3 g6 5. Bg2 Bg7 6. c3 e6 7. O-O Nge7 8. Nbd2 O-O 9. Re1 Rb8 10. a4 a6 11. h4 b5 12. axb5 axb5 13. Nf1 b4 14. Bd2 bxc3 15. bxc3 Qc7 16. h5 Na5 17. hxg6 fxg6 18. d4 cxd4 19. cxd4 Nb3 20. Ra4 Bd7 21. Rb4 Nxd2 22. Qxd2 Rxb4 23. Qxb4 Nc6 24. Qd2 Qb6 25. Rd1 Qb3 26. d5 Ne5 27. Nd4 Qb6 28. dxe6 Ba4 29. e7 Rf7 30. Ra1 Be8 31. Ra8 Rxe7 32. Qa2+ Nf7 33. Nf3 Bf8 34. Ne3 Bc6 35. Ra6 Qb7 36. Ng5 Bh6 37. Nxf7 Rxf7 38. Nc4 Bf8 39. Rb6 Qc7 40. Bh3 Kh8 41. Qb2+ Rg7 42. Qf6 Be7 43. Qd4 h6 44. f4 d5 45. Na5 Be8 46. Nb3 dxe4 47. Re6 Bf7 48. Qb6 Qd7 49. Nd4 Bxe6 50. Nxe6 Qd1+ 51. Kh2 Qd2+ 52. Bg2 Rf7 53. Qc6 Kh7 54. Qe8 Rg7 55. Nxg7 Qd6 56. Qf7 Kh8 57. Ne6 Bf8 1-0

[Event "FIDE World Cup G12-B 2024"]
[Site "Batumi"]
[Date "2024.06.26"]
[Round "4.5"]
[White "Li, Sophie"]
[Black "Shomanova, Adiya"]
[Result "1-0"]
[ECO "C63"]
[WhiteElo "1764"]
[BlackElo "1542"]
[Annotator "NA RC"]
[PlyCount "79"]
[EventDate "2024.06.23"]
[EventType "swiss"]
[EventCountry "GEO"]
[SourceTitle "playchess.com"]
[Source "ChessBase"]
[SourceQuality "1"]
[TimeControl "5400+30"]

1. e4 e5 2. Nf3 Nc6 3. Bb5 f5 4. Qe2 d6 5. d4 exd4 6. Nxd4 Bd7 7. exf5+ Nge7 8. Qh5+ g6 9. fxg6 Nxg6 10. Bg5 Be7 11. Nxc6 bxc6 12. Bd3 Bxg5 13. Bxg6+ Kf8 14. O-O Qf6 15. f4 hxg6 16. Qxg5 Qxb2 17. Nd2 Qd4+ 18. Kh1 Qxd2 19. Qf6+ Kg8 20. Qxg6+ Kf8 21. Qf6+ Kg8 22. Rf3 Bg4 23. Rg3 Qe2 24. Qg6+ Kf8 25. Rxg4 Qe7 26. Rg5 Qh7 27. Rf5+ Ke7 28. Re1+ Kd8 29. Qxh7 Rxh7 30. Rf8+ Kd7 31. Rxa8 d5 32. g4 c5 33. f5 d4 34. f6 c4 35. Re7+ Rxe7 36. fxe7 Kxe7 37. Kg2 d3 38. cxd3 c3 39. Rxa7 Kd6 40. Ra3 1-0

[Event "FIDE World Cup G12-B 2024"]
[Site "Batumi"]
[Date "2024.06.26"]
[Round "4.6"]
[White "Amin-Erdene, Tsengel"]
[Black "Xu, Luna Yuexiu"]
[Result "1/2-1/2"]
[ECO "E63"]
[WhiteElo "1491"]
[BlackElo "1761"]
[Annotator "NA RC"]
[PlyCount "149"]
[EventDate "2024.06.23"]
[EventType "swiss"]
[EventCountry "GEO"]
[SourceTitle "playchess.com"]
[Source "ChessBase"]
[SourceQuality "1"]
[TimeControl "5400+30"]

1. d4 Nf6 2. c4 g6 3. g3 Bg7 4. Bg2 O-O 5. Nf3 d6 6. O-O Nc6 7. Nc3 a6 8. b3 Rb8 9. a4 Na5 10. Bb2 c5 11. d5 Qb6 12. Nd2 e5 13. Rb1 Bd7 14. Ba3 Rfc8 15. e4 Qc7 16. Qe2 b6 17. Rb2 Ne8 18. Rfb1 Bh6 19. Rc2 Nb7 20. Bc1 Bg7 21. Nf1 Nd8 22. f4 exf4 23. gxf4 b5 24. axb5 Bxc3 25. Rxc3 axb5 26. cxb5 Bxb5 27. Qf2 Qe7 28. f5 Rc7 29. fxg6 fxg6 30. Ng3 Nf7 31. Bh3 Bd7 32. Bxd7 Qxd7 33. Bd2 c4 34. b4 Ne5 35. Rf1 Ng7 36. Ra3 Rbc8 37. Bc3 Nd3 38. Qf6 Qe7 39. Qxe7 Rxe7 40. Ra6 Ne8 41. Rfa1 Nc7 42. Rc6 Rf8 43. Rxc4 h5 44. Rf1 Rxf1+ 45. Nxf1 Nb5 46. Bd2 Ne5 47. Rc8+ Kf7 48. Bc3 Nd7 49. Nd2 Nb6 50. Rc6 Rb7 51. Ba1 Nd7 52. Nc4 Ke7 53. e5 Nxe5 54. Nxe5 dxe5 55. Bxe5 Na3 56. Rc7+ Rxc7 57. Bxc7 Nb5 58. Be5 Na3 59. Kf2 Nc4 60. Bg3 g5 61. Kf3 Nd2+ 62. Ke2 Ne4 63. Be5 Nd6 64. Kd3 h4 65. h3 Nf7 66. Bh2 Nh6 67. b5 Kd7 68. b6 Kc8 69. d6 Kb7 70. d7 Nf7 71. Bc7 g4 72. d8=Q Nxd8 73. Bxd8 gxh3 74. Bc7 h2 75. Bxh2 1/2-1/2

[Event "FIDE World Cup G12-B 2024"]
[Site "Batumi"]
[Date "2024.06.26"]
[Round "4.7"]
[White "Tereshchenko, Eliza"]
[Black "QUICKPEN, Deborah Ebimobo-ere"]
[Result "1/2-1/2"]
[ECO "B13"]
[WhiteElo "1694"]
[BlackElo "2048"]
[Annotator "RC"]
[PlyCount "49"]
[EventDate "2024.06.23"]
[EventType "swiss"]
[EventCountry "GEO"]
[SourceTitle "playchess.com"]
[Source "ChessBase"]
[SourceQuality "1"]
[TimeControl "5400+30"]

1. d4 Nf6 2. Bf4 d5 3. e3 Bg4 4. Nf3 e6 5. Bd3 c5 6. c3 Nc6 7. Nbd2 cxd4 8. exd4 Bd6 9. Bg3 O-O 10. O-O Nh5 11. Bxd6 Qxd6 12. Bxh7+ Kxh7 13. Ng5+ Kg6 14. Qxg4 Nf6 15. Nge4+ Nxg4 16. Nxd6 a6 17. Nxb7 Rfb8 18. Nc5 Rxb2 19. Ncb3 a5 20. Rfb1 Rc2 21. Rc1 Rb2 22. Rcb1 Rc2 23. Rc1 Rb2 24. Rcb1 Rc2 25. Rc1 1/2-1/2

[Event "FIDE World Cup G12-B 2024"]
[Site "Batumi"]
[Date "2024.06.26"]
[Round "4.8"]
[White "Chiokadze, Barbare"]
[Black "Gao, Lilianna"]
[Result "0-1"]
[ECO "D85"]
[WhiteElo "1461"]
[BlackElo "1646"]
[Annotator "NA RC"]
[PlyCount "58"]
[EventDate "2024.06.23"]
[EventType "swiss"]
[EventCountry "GEO"]
[SourceTitle "playchess.com"]
[Source "ChessBase"]
[SourceQuality "1"]
[TimeControl "5400+30"]

1. d4 Nf6 2. c4 g6 3. Nc3 d5 4. cxd5 Nxd5 5. e4 Nxc3 6. bxc3 Bg7 7. Bf4 c5 8. Nf3 Nc6 9. Be3 Bg4 10. Bc4 O-O 11. Bd5 Bxf3 12. Qxf3 cxd4 13. cxd4 Nxd4 14. Bxd4 Bxd4 15. Rd1 Qa5+ 16. Kf1 Bg7 17. g3 Rac8 18. Bxb7 Qb5+ 19. Kg2 Qxb7 20. h4 Rc3 21. Qe2 f5 22. f3 fxe4 23. fxe4 Qc7 24. Qg4 Rc2+ 25. Kh3 Qc6 26. Rd7 h5 27. Qd1 Qe6+ 28. g4 hxg4+ 29. Qxg4 Rf3# 0-1

[Event "FIDE World Cup G12-B 2024"]
[Site "Batumi"]
[Date "2024.06.26"]
[Round "4.9"]
[White "Siddhi Rao"]
[Black "Lu, Yichen"]
[Result "1/2-1/2"]
[ECO "C10"]
[WhiteElo "1601"]
[BlackElo "1561"]
[Annotator "NA RC"]
[PlyCount "94"]
[EventDate "2024.06.23"]
[EventType "swiss"]
[EventCountry "GEO"]
[SourceTitle "playchess.com"]
[Source "ChessBase"]
[SourceQuality "1"]
[TimeControl "5400+30"]

1. e4 e6 2. d4 d5 3. Nc3 dxe4 4. Nxe4 Nd7 5. Nf3 Ngf6 6. Bd3 Nxe4 7. Bxe4 Nf6 8. Bd3 Be7 9. O-O O-O 10. Re1 b6 11. Bf4 Bb7 12. Be5 c5 13. c3 Rc8 14. a4 Bd6 15. Qe2 Qe7 16. Rad1 Rfd8 17. Nd2 cxd4 18. cxd4 Bb4 19. Rc1 Bxd2 20. Qxd2 Ng4 21. Rxc8 Rxc8 22. Qf4 Qb4 23. Rc1 Rxc1+ 24. Qxc1 Nxe5 25. dxe5 Qc5 26. Qxc5 bxc5 27. g3 h6 28. f4 Kf8 29. Kf2 Bd5 30. Ke3 Ke7 31. Bb5 f6 32. h4 f5 33. Be2 Kd7 34. Kd2 Kc7 35. Kc3 Kb6 36. g4 Be4 37. gxf5 Bxf5 38. Bd3 Bg4 39. Kc4 a5 40. Bg6 Be2+ 41. Kc3 Bg4 42. b3 Kc6 43. Be4+ Kc7 44. Kd3 Kb6 45. Kc3 Kc7 46. Kc4 Kb6 47. Bd3 Kc6 1/2-1/2

[Event "FIDE World Cup G12-B 2024"]
[Site "Batumi"]
[Date "2024.06.26"]
[Round "4.10"]
[White "Vazquez Sanchez, Antia"]
[Black "Rusitashvili, Tea"]
[Result "1-0"]
[ECO "E02"]
[WhiteElo "1607"]
[BlackElo "1535"]
[Annotator "NA RC"]
[PlyCount "141"]
[EventDate "2024.06.23"]
[EventType "swiss"]
[EventCountry "GEO"]
[SourceTitle "playchess.com"]
[Source "ChessBase"]
[SourceQuality "1"]
[TimeControl "5400+30"]

1. d4 d5 2. Nf3 e6 3. c4 Nf6 4. Qc2 dxc4 5. Qxc4 Nbd7 6. g3 Be7 7. Bg2 O-O 8. O-O c5 9. Rd1 cxd4 10. Nxd4 Bc5 11. b4 Bb6 12. Bb2 Ne5 13. Qb3 Qe7 14. Nd2 Rd8 15. Ne4 Nd5 16. a3 Ng4 17. h3 Ngf6 18. Rac1 Rb8 19. Nc5 Bd7 20. e4 Nc7 21. a4 a5 22. Ba3 Qe8 23. b5 Bxc5 24. Bxc5 Na8 25. e5 Nd5 26. Bd6 Nab6 27. Bxb8 Rxb8 28. h4 h6 29. Nc2 Rc8 30. Na3 Qe7 31. Nc4 Nxc4 32. Rxc4 Nb6 33. Rcd4 Rc7 34. Qd3 Qc5 35. Qe3 Nc4 36. Qc3 Nb6 37. Qxc5 Rxc5 38. Bxb7 Rc7 39. Be4 g6 40. Rd6 Nd5 41. Bxd5 exd5 42. R1xd5 Be6 43. Rd4 Kg7 44. Rc6 Rb7 45. Kf1 Bd7 46. Ra6 Rc7 47. Ke1 h5 48. Rxa5 Bg4 49. Kd2 Bf5 50. Ke3 Rc3+ 51. Kd2 Rc2+ 52. Ke3 Rc3+ 53. Ke2 Rc2+ 54. Kf1 Bg4 55. Kg2 Rc3 56. Rf4 Be6 57. b6 Bd7 58. Kh2 Rc1 59. Ra7 Be6 60. Rc7 Rb1 61. b7 Bd5 62. f3 Rb2+ 63. Kh3 Be6+ 64. g4 hxg4+ 65. Kg3 gxf3 66. Rxf3 Bd5 67. Rd3 Bxb7 68. e6 Rg2+ 69. Kh3 Rg1 70. Rxf7+ Kh6 71. Rxb7 1-0

[Event "FIDE World Cup G12-B 2024"]
[Site "Batumi"]
[Date "2024.06.26"]
[Round "4.11"]
[White "Bechvaia, Anastasia"]
[Black "Kvirkvelia, Anastasia"]
[Result "0-1"]
[ECO "B11"]
[WhiteElo "1549"]
[BlackElo "1440"]
[Annotator "NA RC"]
[PlyCount "104"]
[EventDate "2024.06.23"]
[EventType "swiss"]
[EventCountry "GEO"]
[SourceTitle "playchess.com"]
[Source "ChessBase"]
[SourceQuality "1"]
[TimeControl "5400+30"]

1. e4 c6 2. Nf3 d5 3. Nc3 dxe4 4. Nxe4 Nd7 5. Bc4 Ngf6 6. Ng3 e6 7. O-O Be7 8. d3 O-O 9. Bg5 b6 10. a3 Bb7 11. b4 c5 12. bxc5 Bxc5 13. Ne4 Be7 14. Qe2 Nxe4 15. Bxe7 Qxe7 16. dxe4 Nf6 17. Bd3 Rac8 18. e5 Nd5 19. Qe4 g6 20. Qg4 Rfd8 21. Nd2 Qc7 22. Rfe1 Ne7 23. Nc4 Nf5 24. Ne3 Ng7 25. Nc4 Nf5 26. Ne3 Nd4 27. Nc4 Nf5 28. Ne3 Ng7 29. Qg3 Qc5 30. Ng4 Nh5 31. Nf6+ Nxf6 32. exf6 Qd4 33. Qg5 Rd5 34. Qg3 Qxf6 35. a4 Rg5 36. Qe3 Rxg2+ 37. Kf1 Rxh2 38. Ke2 Rc5 39. Kd2 Rxf2+ 40. Re2 Qc3+ 41. Kd1 Qxa1+ 42. Kd2 Qc3+ 43. Kd1 Rf1+ 44. Re1 Bf3+ 45. Kc1 Rxe1+ 46. Qxe1 Qxe1+ 47. Kb2 Be4 48. Bxe4 Qxe4 49. a5 Qb4+ 50. Kc1 Qc3 51. Kb1 Qxc2+ 52. Ka1 Rxa5# 0-1